 Dungeon Crawl Stone Soup version 0.29.1-13-g9f3cf754e1 (webtiles) character file.

Game seed: 2693090182099708882

111709 Klatu the Slayer (level 16, -4/167 HPs)
             Began as a Hill Orc Cinder Acolyte on Feb 10, 2023.
             Was the Champion of Qazlal.
             Slain by Louise
             ... wielding a +5 demon trident of venom
              (9 damage)
             ... on level 1 of the Spider Nest on Feb 11, 2023.
             The game lasted 02:35:46 (32421 turns).

Klatu the Slayer (Hill Orc Cinder Acolyte)         Turns: 32421, Time: 02:35:47

Health: -4/167     AC: 24    Str: 24 (25) XL:     16   Next: 58%
Magic:  0/18       EV:  3    Int: 10      God:    Qazlal [******]
Gold:   1677       SH: 30    Dex:  5 (6)  Spells: 17/17 levels left

rFire   + + .      SeeInvis +   N - +14 obsidian axe {vorpal, Mesm Drain Fly SInv}
rCold   + + .      Faith    .   T - +10 tower shield of Ignorance {rN+ Int-4}
rNeg    + + .      Spirit   +   G - +1 gold dragon scales
rPois   +          Reflect  .   P - +1 hat {Stlth+}
rElec   .          Harm     .   t - scarf {shadows}
rCorr   .          Rampage  .   o - +1 pair of gloves
Will    +....                   b - +0 pair of boots
Stlth   ..........              j - amulet of guardian spirit
HPRegen 0.37/turn               e - ring of positive energy
MPRegen 0.16/turn               H - ring of protection from fire

@: about to teleport, protected from cold, on berserk cooldown, flying,
mesmerised, slowed, repel missiles, very slow
A: no striking features
a: Renounce Religion, Upheaval, Elemental Force, Disaster Area


You were on level 1 of the Spider Nest.
You worshipped Qazlal.
Qazlal was exalted by your worship.
You visited 5 branches of the dungeon, and saw 24 of its levels.
You also visited: Gauntlet and Ice Cave.

You collected 2743 gold pieces.
You spent 986 gold pieces at shops.
You donated 80 gold pieces to Zin.

Inventory:

Hand Weapons
 N - the +14 obsidian axe (weapon) {vorpal, Mesm Drain Fly SInv}
   (You found it on level 11 of the Dungeon)

   It inflicts extra damage upon your enemies.
   It occasionally summons demons to assist the wielder when it strikes in
   combat.
   Its wielder is mesmerised by any visible foes.
   It cannot be unequipped while any foes are visible.
   SInv:      It lets you see invisible.
   Fly:       It grants you flight.
   Drain:     It drains your maximum health when unequipped.
Missiles
 k - 6 throwing nets
 A - 3 curare-tipped darts (quivered)
 R - 7 silver javelins
Armour
 b - a +0 pair of boots (worn)
 c - an orb of wrath
 o - a +1 pair of gloves (worn)
 t - a scarf of shadows (worn)
 G - +1 gold dragon scales (worn)
 P - a +1 hat of stealth (worn)
 T - the +10 tower shield of Ignorance (worn) {rN+ Int-4}
   (You took it off a minotaur in a Gauntlet)

   Int:       It affects your intelligence (-4).
   rN:        It protects you from negative energy.
Jewellery
 e - a ring of positive energy (left hand)
 j - an amulet of guardian spirit (around neck)
 y - a ring of positive energy
 H - a ring of protection from fire (right hand)
 J - a +4 ring of slaying
 L - a ring of willpower
Wands
 g - a wand of quicksilver (15)
 i - a wand of flame (45)
 v - a wand of roots (13)
 F - a wand of charming (9)
Scrolls
 a - 5 scrolls of blinking
 d - a scroll of acquirement
 f - a scroll of magic mapping
 l - 3 scrolls of brand weapon
 q - 3 scrolls of silence
 u - 13 scrolls of teleportation
 x - 5 scrolls of amnesia
 C - a scroll of fear
 I - 2 scrolls of immolation
 K - 4 scrolls of fog
Potions
 h - 2 potions of brilliance
 m - 4 potions of invisibility
 n - 3 potions of experience
 r - 4 potions of curing
 s - 4 potions of might
 w - 5 potions of mutation
 z - 3 potions of attraction
 B - 2 potions of haste
Miscellaneous
 D - a lightning rod (4/4)
 Y - a tin of tremorstones (2/2)


   Skills:
 * Level 21.3 Fighting
 + Level 18.3 Axes
 + Level 8.5 Throwing
 + Level 11.2 Armour
 + Level 8.7 Dodging
 + Level 7.1 Shields
 - Level 1.0 Spellcasting
 - Level 3.2 Fire Magic
 + Level 3.6 Invocations
 + Level 2.4 Evocations


You had 17 spell levels left.
You didn't know any spells.
Your spell library contained the following spells:

 Spells                   Type           Power      Damage    Failure   Level
 Sandblast                Erth           0%         2d4       100%        1
 Passwall                 Tmut/Erth      0%         N/A       100%        2
 Poisonous Vapours        Pois/Air       0%         N/A       100%        2
 Scorch                   Fire           14%        2d5       100%        2
 Sublimation of Blood     Necr           0%         N/A       100%        2
 Dazzling Flash           Conj/Hex       0%         N/A       100%        3
 Gell's Gravitas          Tloc           0%         N/A       100%        3
 Ignite Poison            Fire/Tmut/Pois 2%         N/A       100%        3
 Lesser Beckoning         Tloc           0%         N/A       100%        3
 Mephitic Cloud           Conj/Pois/Air  0%         N/A       100%        3
 Ozocubu's Armour         Ice            0%         N/A       100%        3
 Stone Arrow              Conj/Erth      0%         3d7       100%        3
 Teleport Other           Tloc           0%         N/A       100%        3
 Airstrike                Air            0%         2d(0-16)  100%        4
 Animate Armour           Summ/Erth      0%         N/A       100%        4
 Petrify                  Tmut/Erth      0%         N/A       100%        4
 Sticky Flame             Conj/Fire      3%         2d3       100%        4
 Summon Ice Beast         Ice/Summ       0%         N/A       100%        4
 Summon Lightning Spire   Summ/Air       0%         N/A       100%        4
 Agony                    Necr           0%         N/A       100%        5
 Freezing Cloud           Conj/Ice/Air   0%         6-21      100%        5
 Irradiate                Conj/Tmut      0%         3d11      100%        5
 Lightning Bolt           Conj/Air       0%         1d11      100%        5
 Metabolic Englaciation   Hex/Ice        0%         N/A       100%        5
 Silence                  Hex/Air        0%         N/A       100%        5
 Summon Mana Viper        Hex/Summ       0%         N/A       100%        5
 Dispersal                Tloc           0%         N/A       100%        6
 Simulacrum               Ice/Necr       0%         N/A       100%        6
 Statue Form              Tmut/Erth      0%         N/A       100%        6
 Monstrous Menagerie      Summ           0%         N/A       100%        7
 Borgnjor's Revivificati  Necr           0%         N/A       100%        8
 Lehudib's Crystal Spear  Conj/Erth      0%         10d2      100%        8
 Maxwell's Capacitive Co  Air            0%         ∞         100%        8
 Necromutation            Tmut/Necr      0%         N/A       100%        8
 Death's Door             Necr           0%         N/A       100%        9


Dungeon Overview and Level Annotations

Branches:
Dungeon (15/15)            Temple (1/1) D:4            Lair (5/5) D:9
 Shoals (0/4) Lair:2       Spider (1/4) Lair:2        Slime (0/5) Lair:4
    Orc (2/2) D:10            Elf (0/3) Orc:2        Vaults (0/5) D:13
  IceCv (visited)         Gauntlet (visited)
 Depths: D:15

Altars:
Ashenzari
Cheibriados
Dithmenos
Elyvilon
Fedhas
Gozag
Hepliaklqana
Kikubaaqudgha
Makhleb
Nemelex Xobeh
Okawaru
Qazlal
Ru
Sif Muna
Trog
Uskayaw
Vehumet
Wu Jian
Xom
Yredelemnul
Zin
The Shining One

Shops:
D:2 :   D:5 (   D:8 (   D:12 *   Orc:2 ?[[!*

Annotations:
D:11 2 transporters, Whoops's ghost, journeyman GrFi
Lair:3 exclusion: oklob plant
Spider:1 Louise


Message History

The wolf spider hits you but does no damage.
You block the wolf spider's attack. x3
An emperor scorpion comes into view.
The ghost moth is engulfed in freezing vapours.
The ghost moth stares at you.
You feel your power leaking away.
The ghost moth hits you but does no damage.
You block the ghost moth's attack. x2; The redback simulacrum bites you!
* * * LOW HITPOINT WARNING * * *
The redback simulacrum freezes you! You resist.
Your resistance to physical damage fades away.
You feel protected from cold.
* * * LOW HITPOINT WARNING * * *
The wolf spider hits you but does no damage.
You block the wolf spider's attack.
The ghost moth is engulfed in freezing vapours.
The ghost moth stares at you.
The ghost moth hits you but does no damage.
The ghost moth hits you.
* * * LOW HITPOINT WARNING * * *
The ghost moth stings you but does no damage.
Louise hits you but does no damage.
You are poisoned.
You feel better.
Visions of slaying the redback flood into your mind.
You hear a faint skittering sound.
You hear a hideous shriek!
You block the wolf spider's attack. x2; The jumping spider leaps!
The redback simulacrum bites you but does no damage.
The ghost moth is engulfed in freezing vapours.
The ghost moth stares at you. The ghost moth hits you!
* * * LOW HITPOINT WARNING * * *
The ghost moth hits you!
* * * LOW HITPOINT WARNING * * *
You feel clumsy. You block the ghost moth's attack.
You block the wolf spider's attack.
The wolf spider bites you but does no damage.
The redback barely misses you.
Louise hits you from afar with a +5 demon trident of venom!
You die...

#. .# .# .. .s
... . #. #.
... #.#..#.
#..
#...s#@##B#
#.....#ss°#...
#.....<@§s.#
##.###Zsys.#
###☼s..$.
s..##. s..#
..... ^#...


You could see an emperor scorpion, Louise, a radroach, a ghost moth (invisible),
2 wolf spiders, an orb spider (soul bound), 3 jumping spiders, 3 redbacks and a
redback simulacrum.

Vanquished Creatures
  Gastronok (Lair:1)
  An orc warlord (Orc:1)
  A broodmother (shapeshifter) (D:13)
  A dire elephant (Gauntlet)
  A minotaur (Gauntlet)
  Josephine (Lair:5)
  Harold (Orc:1)
  3 boulder beetles
  6 hydras
  A vault guard (D:13)
  5 ogre magi
  22 two-headed ogres
  3 centaur warriors
  A tengu warrior (D:14)
  Urug (D:10)
  Nergalle (D:10)
  A shock serpent (shapeshifter) (D:13)
  3 spriggans (D:12)
  A fire crab (D:15)
  A skeletal warrior (D:13)
  A pharaoh ant (Spider:1)
  A sun moth (Spider:1)
  Pikel (D:7)
  2 orc knights
  15 ugly things
  5 deep elf pyromancers
  A wizard (Gauntlet)
  8 cyclopes
  A wolf spider (Lair:5)
  The ghost of zeram the Grave Robber, a novice GnNe (D:7)
  2 orc sorcerers
  2 manticores
  7 elephants
  6 black mambas
  2 slime creatures (Lair:4)
  A torpor snail (Gauntlet)
  2 ice statues (IceCv)
  4 gargoyles
  14 cane toads
  5 komodo dragons
  A demonic crawler (Spider:1)
  10 trolls
  5 hornets
  13 polar bears
  A wolf spider simulacrum (D:15)
  A raiju (Lair:5)
  4 dream sheep (Lair:5)
  A tarantella (shapeshifter) (D:11)
  2 culicivoras (Spider:1)
  A shadow (D:7)
  7 wraiths
  5 water elementals (D:14)
  2 vampires (D:10)
  14 fire elementals
  41 yaks
  9 wyverns
  2 steam dragons
  4 redbacks
  4 basilisks
  2 death yak simulacra (IceCv)
  A vampire mosquito (D:13)
  8 wargs
  A harpy simulacrum (D:15)
  An acid dragon (D:12)
  20 water moccasins
  10 hell hounds (Lair:5)
  14 black bears
  A sky beast (D:7)
  3 ice beasts
  21 orc warriors
  26 ogres
  23 wolves
  11 centaurs
  A lemure (D:7)
  2 phantoms (D:5)
  3 kobold brigands
  14 bullfrogs
  4 necrophages
  3 scorpions (D:5)
  2 gnoll sergeants
  A cane toad simulacrum (IceCv)
  12 wights
  16 killer bees
  An elephant simulacrum (IceCv)
  A jelly (D:3)
  A howler monkey (D:13)
  4 electric eels (D:9)
  5 gnoll boudas
  13 orc priests
  4 hounds
  An iguana (D:3)
  14 orc wizards
  3 hell rats (Lair:5)
  A polar bear simulacrum (IceCv)
  21 gnolls
  7 adders
  4 shadow imps
  18 white imps
  6 ufetubi
  5 worms
  2 dart slugs
  65 orcs
  7 ball pythons
  4 endoplasms
  2 giant cockroaches
  10 goblins
  8 hobgoblins
  4 jackals
  15 kobolds
  A quokka (D:2)
  4 bats
  5 frilled lizards
  14 rats
  A bush (Lair:5)
715 creatures vanquished.

Vanquished Creatures (collateral kills)
  The ghost of Goesm the Fighter, a journeyman MiFi of the Shining One (D:12)
  A centaur warrior (D:14)
  4 two-headed ogres (Orc:2)
  An alligator (Lair:5)
  3 black mambas (Lair:5)
  An elephant (Lair:5)
  An ice statue (IceCv)
  A guardian serpent (Lair:5)
  4 komodo dragons
  6 cane toads
  A troll (D:13)
  2 polar bears
  A raiju (Lair:5)
  A dream sheep (Lair:5)
  A jumping spider (Spider:1)
  5 yaks
  A wyvern (Lair:5)
  3 wraiths
  A basilisk (Lair:2)
  2 wargs
  A harpy simulacrum (IceCv)
  5 water moccasins
  A hydra simulacrum (IceCv)
  3 hell hounds (Lair:5)
  6 ogres (Orc:2)
  A black bear (Lair:5)
  7 wolves
  A centaur (Lair:2)
  2 electric eels
  2 hell rats (Lair:5)
  2 white imps (Lair:4)
  3 orcs (Orc:2)
  A bush (Lair:5)
76 creatures vanquished.

Vanquished Creatures (others)
  A centaur (D:13)
  A killer bee (D:9)
  A gnoll (D:9)
  A gnoll zombie (D:9)
  6 demonic plants (D:8)
  48 fungi
  98 plants
156 creatures vanquished.

Grand Total: 947 creatures vanquished

Notes
Turn   | Place    | Note
-------+----------+-------------------------------------------
     0 | D:1      | Klatu the Hill Orc Cinder Acolyte began the quest for the
                  | Orb.
     0 | D:1      | Reached XP level 1. HP: 19/19 MP: 2/2
   301 | D:1      | Reached XP level 2. HP: 23/26 MP: 3/3
   628 | D:1      | Reached skill level 5 in Axes
  1459 | D:2      | Found an opulent altar of Gozag.
  1491 | D:2      | Reached XP level 3. HP: 21/31 MP: 4/4
  1598 | D:2      | Found Hafops's Book Shop.
  2408 | D:3      | HP: 1/31 [acid (6)]
  2791 | D:3      | Reached XP level 4. HP: 37/39 MP: 3/5
  3496 | D:2      | Reached XP level 5. HP: 42/45 MP: 6/6
  4389 | D:4      | Found a staircase to the Ecumenical Temple.
  4399 | Temple   | Entered the Ecumenical Temple
  4527 | D:4      | Reached XP level 6. HP: 51/51 MP: 5/7
  4728 | D:4      | Found a stormy altar of Qazlal.
  5639 | D:5      | Entered Level 5 of the Dungeon
  5639 | D:5      | Found Qumaucvo's Antique Weapon Shop.
  5670 | D:5      | Reached skill level 10 in Axes
  5670 | D:5      | Reached XP level 7. HP: 57/57 MP: 8/8
  6420 | D:6      | Reached XP level 8. HP: 57/64 MP: 9/9
  6657 | D:6      | Found an opulent altar of Gozag.
  7637 | D:6      | Reached skill level 4 in Fighting
  7645 | D:6      | Reached skill level 1 in Armour
  7771 | D:6      | Reached skill level 1 in Dodging
  7829 | D:7      | Noticed Pikel
  7904 | D:7      | Reached XP level 9. HP: 73/73 MP: 10/10
  7913 | D:7      | Reached skill level 5 in Fighting
  8103 | D:7      | Reached skill level 6 in Fighting
  8690 | D:7      | Reached skill level 15 in Axes
  8692 | D:7      | Found a large runed translucent door.
  8693 | D:7      | Found a large runed translucent door.
  8695 | D:7      | Noticed zeram's ghost (novice GnNe)
  9058 | D:7      | Identified the +0 ring mail "Oheel" {rPois}
  9504 | D:8      | Noticed a two-headed ogre
  9581 | D:7      | Noticed a gargoyle
  9593 | D:7      | Killed a gargoyle
  9594 | D:7      | Reached XP level 10. HP: 70/84 MP: 5/11
  9840 | D:7      | Killed Pikel
  9841 | D:7      | Reached skill level 1 in Throwing
  9863 | D:7      | Reached skill level 7 in Fighting
 10532 | D:7      | Identified the +3 bardiche of the Disbelieving Gods
                  | {vorpal, rN+ Will- Str+4}
 10665 | D:7      | Noticed a green ugly thing
 10667 | D:7      | Noticed a manticore
 10676 | D:7      | Killed a green ugly thing
 10680 | D:7      | Killed a manticore
 10681 | D:7      | Reached skill level 5 in Armour
 10695 | D:7      | Identified the +7 quarterstaff "Z" {freeze, rElec Int+4
                  | Stlth-}
 10695 | D:7      | Noticed a deep elf pyromancer
 10714 | D:7      | Killed a deep elf pyromancer
 11137 | D:7      | Killed zeram's ghost
 11138 | D:7      | Reached skill level 8 in Fighting
 11483 | D:8      | Reached XP level 11. HP: 77/94 MP: 9/12
 11699 | D:8      | Found Miehas's Antique Weapon Emporium.
 11731 | D:8      | Killed a two-headed ogre
 11944 | D:8      | Found a shimmering blue altar of Sif Muna.
 11945 | D:8      | Found a sacrificial altar of Ru.
 11947 | D:8      | Found an iron altar of Okawaru.
 11947 | D:8      | Found an ancient bone altar of Kikubaaqudgha.
 12343 | D:8      | Reached skill level 9 in Fighting
 12357 | D:8      | Reached skill level 5 in Dodging
 13719 | D:9      | Reached skill level 5 in Throwing
 14218 | D:9      | Found a staircase to the Lair.
 15405 | D:10     | Entered Level 10 of the Dungeon
 15511 | D:10     | Noticed Nergalle
 15531 | D:10     | Killed Nergalle
 15733 | D:10     | Found a broken altar of Ashenzari.
 15785 | D:10     | Noticed a two-headed ogre
 15799 | D:10     | Killed a two-headed ogre
 15800 | D:10     | Reached skill level 10 in Fighting
 16264 | D:10     | Reached XP level 12. HP: 106/106 MP: 11/13
 16448 | D:10     | Noticed Urug
 16473 | D:10     | Killed Urug
 16609 | D:10     | Found a staircase to the Orcish Mines.
 17089 | D:11     | Found a transporter.
 17098 | D:11     | Found a bloodstained altar of Trog.
 17098 | D:11     | Noticed Whoops's ghost (journeyman GrFi)
 17101 | D:11     | Noticed a tengu warrior
 17126 | D:11     | Noticed a two-headed ogre
 17179 | D:11     | Found a transporter.
 17179 | D:11     | Noticed a two-headed ogre
 17197 | D:11     | Killed a two-headed ogre
 17367 | D:11     | Reached skill level 11 in Fighting
 17691 | D:11     | Noticed a two-headed ogre
 17701 | D:11     | Killed a two-headed ogre
 17980 | D:11     | Found the +14 obsidian axe {vorpal, Mesm Drain Fly SInv}
 18003 | D:11     | Noticed a two-headed ogre
 18033 | D:11     | Killed a two-headed ogre
 18440 | Temple   | Fell from the grace of Ignis
 18440 | Temple   | Became a worshipper of Zin the Law-Giver
 18440 | Temple   | Reached * piety under Zin
 18440 | Temple   | Reached ** piety under Zin
 18687 | D:11     | Was placed under penance by Zin
 18833 | D:4      | Fell from the grace of Zin
 18833 | D:4      | Became a worshipper of Qazlal Stormbringer
 19090 | D:12     | Reached skill level 12 in Fighting
 19425 | D:12     | Found a runed translucent door.
 19426 | D:12     | Noticed Goesm's ghost (journeyman MiFi)
 19432 | D:12     | Identified the +2 trident of Gesos {flame, rF++ SInv
                  | Stlth+}
 19450 | D:12     | Killed Goesm's ghost
 19995 | D:12     | Found Qixorab's CLEARANCE SALE!.
 20113 | D:12     | Reached XP level 13. HP: 115/119 MP: 12/14
 20222 | D:13     | Reached * piety under Qazlal
 20223 | D:13     | Reached skill level 13 in Fighting
 20609 | D:13     | Noticed a vault guard
 20615 | D:13     | Noticed a broodmother
 20620 | D:13     | Killed a vault guard
 20621 | D:13     | Reached skill level 14 in Fighting
 20633 | D:13     | Killed a broodmother
 20636 | D:13     | HP: 5/125 [poisoned by a redback]
 21243 | D:13     | You are sucked into a shaft and drop 1 floor!
 21289 | D:14     | Reached skill level 15 in Fighting
 21723 | D:14     | Reached skill level 16 in Fighting
 22224 | D:14     | Reached skill level 17 in Fighting
 22390 | D:14     | Reached XP level 14. HP: 140/140 MP: 15/15
 22588 | D:14     | Reached ** piety under Qazlal
 22632 | D:14     | You are sucked into a shaft and drop 1 floor!
 22632 | D:15     | Entered Level 15 of the Dungeon
 22656 | D:15     | Identified the -1 buckler "Dext" {*Corrode rPois rC++ SInv}
 22739 | D:15     | Reached skill level 18 in Fighting
 22963 | D:15     | Was forgiven by Ignis
 23619 | D:13     | Identified the +1 robe "Osojufro" {rElec Slay+3}
 23854 | D:13     | Found a gate to the Vaults.
 24083 | Lair:1   | Entered Level 1 of the Lair of Beasts
 24385 | Lair:1   | Reached skill level 19 in Fighting
 24756 | Lair:1   | Noticed Gastronok
 24765 | Lair:1   | Killed Gastronok
 24765 | Lair:1   | Reached *** piety under Qazlal
 25196 | Lair:2   | Found a gate leading to a gauntlet.
 25205 | Gauntlet | Entered a Gauntlet
 25205 | Gauntlet | Found a transporter.
 25205 | Gauntlet | Found a transporter.
 25221 | Gauntlet | Found a transporter.
 25222 | Gauntlet | Found a transporter.
 25229 | Gauntlet | Found a transporter.
 25234 | Gauntlet | Found a transporter.
 25236 | Gauntlet | Noticed a dire elephant
 25243 | Gauntlet | Found a transporter.
 25261 | Gauntlet | Found a transporter.
 25282 | Gauntlet | Found a transporter.
 25283 | Gauntlet | Found a transporter.
 25291 | Gauntlet | Found a transporter.
 25295 | Gauntlet | Found a transporter.
 25439 | Gauntlet | Identified the ring of Hahuissu {Str+3 Int+2 Dex-3 SInv}
 25493 | Gauntlet | Killed a dire elephant
 25513 | Gauntlet | Got the Cyclopedia of Flames and the Rocks
 25640 | Gauntlet | Identified the +6 war axe "Loivysos" {pain, rF+ Will+
                  | rCorr}
 25665 | Gauntlet | Identified the +1 cloak of Music {Will+ Int+4 Dex+3}
 25669 | Gauntlet | Got Coiriy's Vellum of the Jaunt and Conduction
 25995 | Lair:2   | Found a hole to the Spider Nest.
 26046 | Lair:2   | Reached skill level 20 in Fighting
 26048 | Lair:2   | Reached skill level 1 in Shields
 26103 | Lair:2   | Found a staircase to the Shoals.
 27636 | Lair:4   | Reached **** piety under Qazlal
 27843 | Lair:4   | Found a frozen archway.
 27855 | IceCv    | Entered an ice cave
 27863 | IceCv    | Reached XP level 15. HP: 121/155 MP: 16/16
 28112 | Lair:4   | Reached ***** piety under Qazlal
 28133 | Lair:4   | Found a staircase to the Slime Pits.
 28779 | Lair:5   | Entered Level 5 of the Lair of Beasts
 29076 | Lair:5   | Identified a scroll of acquirement
 29076 | Lair:5   | Acquired the ring of Surprise {rPois Stlth+}
 29126 | Lair:5   | Reached skill level 10 in Armour
 29141 | Lair:5   | Noticed Josephine
 29155 | Lair:5   | Killed Josephine
 29156 | Lair:5   | Reached skill level 5 in Shields
 29866 | Lair:5   | Reached ****** piety under Qazlal
 30396 | Orc:1    | Entered Level 1 of the Orcish Mines
 30432 | Orc:1    | Reached XP level 16. HP: 113/165 MP: 12/17
 31076 | Orc:2    | Entered Level 2 of the Orcish Mines
 31083 | Orc:2    | Reached skill level 21 in Fighting
 31090 | Orc:2    | Reached skill level 1 in Invocations
 31326 | Orc:2    | Found Nilykus's Gadget Gallery.
 31353 | Orc:2    | Reached skill level 1 in Evocations
 31790 | Orc:2    | Found Rumem's Antique Armour Shoppe.
 31790 | Orc:2    | Found Uskyroc's Distillery.
 31791 | Orc:2    | Found Duiwk's Magic Scroll Shop.
 31791 | Orc:2    | Found Righimut's Armour Shoppe.
 31798 | Orc:2    | Bought a potion of experience for 800 gold pieces
 31801 | Orc:2    | Bought a scroll of teleportation for 36 gold pieces
 31801 | Orc:2    | Bought a scroll of teleportation for 36 gold pieces
 31801 | Orc:2    | Bought a scroll of blinking for 90 gold pieces
 31801 | Orc:2    | Bought a scroll of identify for 24 gold pieces
 31861 | Orc:2    | Found a staircase to the Elven Halls.
 32134 | Orc:1    | Noticed Harold
 32139 | Orc:1    | Killed Harold
 32404 | Spider:1 | Entered Level 1 of the Spider Nest
 32411 | Spider:1 | Noticed Louise
 32421 | Spider:1 | HP: 5/167 [ghost moth (11)]
 32421 | Spider:1 | Slain by Louise

Illustrated notes

Levels and vault maps discovered:
D:1:      lightli_arrival_farm, layout_basic, nicolae_titane
D:2:      layout_basic, serial_shops, shop, basic_altar, minmay_rat_gold_closets
D:3:      layout_basic, hangedman_abyss_or_decor_stabs, grunt_ministairs_7,
          minmay_divided_ellipse
D:4:      layout_loops_ring, nicolae_qazlal_eye_of_the_storm,
          minmay_temple_entry_arrows
D:5:      layout_rooms, nicolae_stop_n_shop_2, minmay_misc_feat_five
D:6:      layout_loops_ring, nicolae_gozag_seed_capital
D:7:      minmay_the_grid_triangle_9x9_recursive_2
          [minmay_the_grid_triangle_9x9_prize_schism,
          minmay_the_grid_triangle_9x9_wacky_v,
          minmay_the_grid_triangle_9x9_impossible_snake,
          minmay_the_grid_triangle_9x9_longest], layout_rooms, enter_bailey_4,
          ebering_ghost_disaster_area, uniq_pikel
D:8:      kennysheep_seaside_town, layout_rooms, mainiacjoe_overflow_alcove_3,
          serial_demonic, serial_demonic_g, serial_demonic_f, serial_demonic_f,
          serial_demonic_c, serial_shops, kennysheep_mini
D:9:      layout_roguey, erik_lair_island
D:10:     layout_roguey, mainiacjoe_overflow_paths, david_orc_3,
          amethyst_killhole, billiards_dpeg, uniq_nergalle, uniq_urug
D:11:     layout_stronghold, gammafunk_ghost_wrathful_warriors
D:12:     layout_roguey, ebering_ghost_funeral_grove, nicolae_shop_clearance
D:13:     layout_rooms, david_vaults_5, st_stairs_6
D:14:     erik_rubicon_b, layout_irregular_city, minmay_tree_intersection
D:15:     hangedman_depths_entry_try_elsewhere_first, layout_basic, serial_ice,
          serial_ice_g, serial_ice_j, serial_ice_h, serial_ice_b, serial_ice_m,
          serial_ice_f, serial_ice_a, serial_ice_n, enter_trove_0,
          nicolae_concentric_dashed_squares_wild, minivault_26
Temple:   nicolae_temple_no_exploring_needed
Lair:1:   layout_gridlike, serial_bayou_shore_b, lemuel_fruit_tree,
          serial_bayou_shore_b, infiniplex_staircase_pool, grunt_megastairs_2,
          uniq_gastronok
Lair:2:   layout_small_grid, minmay_shoals_entry_centaurs,
          spider_nest_entry_web_field, gauntlet_entry_generic
Lair:3:   layout_regular_city
Lair:4:   layout_small_grid, minmay_slime_entry_pillars,
          portal_ice_cave_entry_imps, minivault_26, beast_lair_carwin_1
Lair:5:   hangedman_lair_tendril_chambers, layout_loops_ring,
          hangedman_lair_caniforms_friends, uniq_josephine
Spider:1: gammafunk_sealed_arena, ebering_ghost_reflecting_pool, uniq_louise
Orc:1:    cheibrodos_orc_arena, layout_diamond_mine, uniq_harold
Orc:2:    st_orc_ogre_mass, layout_caves, nicolae_shop_gadgets

Skill      XL: |  1  2  3  4  5  6  7  8  9 10 11 12 13 14 15 16 |
---------------+-------------------------------------------------+-----
Axes           | 5 6 7 8 10 12 14 16 17 18 | 18.3
Fighting       | 4 6 8 10 12 17 20 21 | 21.3
Armour         | 1 3 5 8 9 10 11 | 11.2
Dodging        | 1 2 4 6 7 8 |  8.7
Throwing       | 3 5 6 8 |  8.5
Shields        | 2 6 7 |  7.1
Invocations    | 3 |  3.6
Evocations     | 2 |  2.4
Spellcasting   | |  1.0
Fire Magic     | |  3.2

Action                   |  1- 3 |  4- 6 |  7- 9 | 10-12 | 13-15 | 16-18 || total
-------------------------+-------+-------+-------+-------+-------+-------++-------
Melee: Hand axe          |   130 |   191 |   163 |       |       |       ||   484
       War axe           |       |       |   146 |   517 |       |       ||   663
       Broad axe         |       |       |       |    73 |   673 |   169 ||   915
Throw: Dart              |       |       |       |     4 |       |       ||     4
Invok: Fiery Armour      |       |       |       |     1 |       |       ||     1
Evoke: Wand              |       |       |       |     1 |       |       ||     1
  Use: Scroll            |     2 |       |     7 |     6 |    12 |     4 ||    31
       Potion            |     1 |       |       |     7 |     1 |     3 ||    12
 Stab: Paralysed         |       |       |     1 |       |       |       ||     1
       Confused          |       |       |       |     2 |       |       ||     2
       Distracted        |       |       |       |       |     4 |     1 ||     5
Armor: Robe              |    27 |       |       |       |       |       ||    27
       Chain mail        |     8 |    80 |   126 |       |       |       ||   214
       Ring mail         |       |       |     6 |    12 |       |       ||    18
       Scale mail        |       |       |       |   142 |   131 |       ||   273
       Gold dragon scale |       |       |       |       |   101 |    56 ||   157
Dodge: Dodged            |    34 |    30 |    89 |   224 |   141 |    10 ||   528
       Repelled          |       |       |       |       |     4 |       ||     4
Block: Kite shield       |    22 |    33 |    43 |     7 |       |       ||   105
       Orb               |       |       |       |       |    19 |       ||    19
       Tower shield      |       |       |       |       |   454 |   175 ||   629
